WORCESTER TITANS vs NEW HAVEN WARTHOGS

Created - 30 novembre 2025 at 21:21

Goals
1 2 3 OT1 SO T
WORCESTER TITANS 2 0 0 0 3 3
NEW HAVEN WARTHOGS 1 1 0 0 2 2
Shots
1 2 3 OT1 SO T
WORCESTER TITANS 16 20 10 2 4 48
NEW HAVEN WARTHOGS 5 12 15 1 4 33

1st period

1. NEW HAVEN WARTHOGS , Tristan Broz 2 (Mikael Pyyhtia 9) at 1:10
2. WORCESTER TITANS , Seth Griffith 5 (Chris Terry 6) at 5:20
3. WORCESTER TITANS , Charles Hudon 6 (Vincent Desharnais 10, Chris Terry 7) at 19:44 (PP)

Penalties :
Lian Bichsel (NHW) for Slashing (Minor) at 5:30, Angus Booth (NHW) for Slashing (Minor) at 7:46, Charles-Alexis Legault (NHW) for Tripping (Minor) at 18:26

2nd period

4. NEW HAVEN WARTHOGS , Mark Kastelic 5 (Jakub Lauko 7) at 10:53 (PP)

Penalties :
Julian Lutz (NHW) for Roughing (Minor) at 5:02, Vincent Desharnais (WOR) for Interference (Minor) at 10:35, Matt Rempe (NHW) for Roughing (Minor) at 14:05, Jack St. Ivany (NHW) for Interference (Minor) at 16:55

3rd period

No Goal

Penalties :
Jacob MacDonald (WOR) for Hooking (Minor) at 3:44, Tyler Boucher (NHW) for Hooking (Minor) at 15:59

Overtime #1

No Goal

Penalties :
No Penalty

Shootout

WORCESTER TITANS, Seth Griffith - Goal!
NEW HAVEN WARTHOGS, Mark Kastelic - Goal!
WORCESTER TITANS, Tyler Pitlick - Stopped by Akira Schmid
NEW HAVEN WARTHOGS, Jakub Lauko - Goal!
WORCESTER TITANS, John Leonard - Goal!
NEW HAVEN WARTHOGS, Mikael Pyyhtia - Stopped by Oscar Dansk
WORCESTER TITANS, Andrew Poturalski - Goal!
NEW HAVEN WARTHOGS, Ryan Suzuki - Stopped by Oscar Dansk

Penalties :
No Penalty

Goalie Stats

Oscar Dansk (WOR), 31 saves from 33 shots - (0,939), W, 10-3-0, 65:00 minutes
Akira Schmid (NHW), 46 saves from 48 shots - (0,958), OTL, 8-2-1, 65:00 minutes

Players Stats for WORCESTER TITANS

Player Name              G  A  P  +/- PIM S  H  SB GA TA FO     MP     PP MP  PK MP  
------------------------------------------------------------------------------------
Andrew Poturalski        0  0  0   1  0   6  0  0  0  0  12/26  22:19   6:22   0:00 
Cal O'Reilly             0  0  0  -1  0   4  0  0  0  0  17/27  23:20   6:43   0:00 
Calle Rosen              0  0  0   1  0   0  0  1  0  0  0/0    20:17   0:00   1:10 
Charles Hudon            1  0  1   0  0   7  1  0  0  0  1/2    16:42   6:58   0:18 
Chris Terry              0  2  2   1  0   4  2  0  0  0  1/2    22:26   6:29   0:00 
Jacob MacDonald          0  0  0   1  2   3  0  3  0  0  0/0    19:03   0:00   0:00 
John Leonard             0  0  0  -1  0   6  0  0  0  0  2/2    23:20   6:43   0:00 
Joseph Blandisi          0  0  0   0  0   0  0  0  0  0  6/10    7:51   0:00   1:19 
Josh Brown               0  0  0   0  0   1  5  0  0  0  0/0    15:19   0:00   1:23 
Justin Dowling           0  0  0   0  0   1  0  0  0  0  0/0     7:28   0:07   0:49 
Kyle Capobianco          0  0  0  -1  0   5  3  2  0  0  0/0    23:36   6:14   0:54 
Matthew Peca             0  0  0   0  0   1  0  0  0  0  10/17  10:24   0:00   0:58 
Rocco Grimaldi           0  0  0   0  0   0  0  0  0  0  0/0     7:31   0:00   0:00 
Seth Griffith            1  0  1   1  0   3  1  1  0  0  1/2    20:48   6:29   0:00 
Tyler Pitlick            0  0  0  -1  0   2  3  0  0  0  2/3    21:56   6:43   0:00 
Vincent Desharnais       0  1  1  -1  2   3  2  2  0  0  0/0    23:25   6:58   0:00 
Zach Sanford             0  0  0   0  0   1  1  0  0  0  0/0    10:54   0:00   1:28 
Zachary Metsa            0  0  0   0  0   1  0  3  0  0  0/0    21:02   6:14   0:49 

Players Stats for NEW HAVEN WARTHOGS

Player Name              G  A  P  +/- PIM S  H  SB GA TA FO     MP     PP MP  PK MP  
------------------------------------------------------------------------------------
Angus Booth              0  0  0   0  2   0  0  1  0  0  0/0     7:04   0:00   0:03 
Calle Odelius            0  0  0   0  0   0  3  0  0  0  0/0     7:02   0:00   0:00 
Charles-Alexis Legault   0  0  0   0  2   0  0  0  0  0  0/0    15:23   0:00   2:09 
Cole McWard              0  0  0   1  0   0  2  2  0  0  0/0    21:52   1:15   6:09 
Dans Locmelis            0  0  0   0  0   0  0  0  0  0  2/2     3:52   0:00   1:24 
Isaiah George            0  0  0   0  0   2  0  0  0  0  0/0    13:34   0:00   0:00 
Jack St. Ivany           0  0  0   1  2   1  1  5  0  0  0/0    20:04   1:15   5:09 
Jakub Lauko              0  1  1  -1  0   10 0  0  0  0  1/3    23:38   1:12   5:40 
Julian Lutz              0  0  0   0  2   1  1  0  0  0  2/5    18:39   0:00   0:09 
Justin Ertel             0  0  0   0  0   1  1  0  0  0  0/0    17:31   0:00   1:06 
Lian Bichsel             0  0  0  -1  2   1  5  1  0  0  0/0    22:03   1:02   6:02 
Mark Kastelic            1  0  1  -1  0   6  3  0  0  0  16/33  23:38   1:12   5:40 
Matt Rempe               0  0  0  -1  2   0  2  0  0  0  1/3    13:35   1:12   0:00 
Mikael Pyyhtia           0  1  1   1  0   4  0  7  0  0  9/25   21:27   1:05   6:08 
Ryan Suzuki              0  0  0   0  0   0  3  0  0  0  7/18   23:44   0:00   6:17 
Tristan Broz             1  0  1   1  0   3  1  0  0  0  1/1    15:03   1:05   0:00 
Tyler Boucher            0  0  0   1  2   1  4  1  0  0  0/1    15:38   1:05   0:00 
Zachary Jones            0  0  0  -1  0   3  0  1  0  0  0/0    22:54   1:02   6:52 

3 Stars

1 - Akira Schmid (NHW)
2 - Chris Terry (WOR)
3 - Seth Griffith (WOR)

Power Play

WORCESTER TITANS - 1 on 7 Attempt(s) - 14,29%
NEW HAVEN WARTHOGS - 1 on 2 Attempt(s) - 50,00%

Penalty Kill

WORCESTER TITANS - 1 on 2 Attempt(s) - 50,00% - Score 0 goal in Penalty Kill
NEW HAVEN WARTHOGS - 6 on 7 Attempt(s) - 85,71% - Score 0 goal in Penalty Kill

Team Stat

WORCESTER TITANS - Hits : 18 - Faceoff Wins : 52 - Blocked Shots : 12 - Penalty Minutes : 4
NEW HAVEN WARTHOGS - Hits : 26 - Faceoff Wins : 39 - Blocked Shots : 18 - Penalty Minutes : 14

Official

Referees : Trevor Hanson and Kendrick Nicholson
Linesman : Andrew Smith and Steve Miller

Game Notes

No Game Note

WORCESTER TITANS

5 vs 5 Forward 
   Center                   Left Wing                Right Wing               Time % Phy DF OF 
 1 Cal O'Reilly             John Leonard             Tyler Pitlick            36     0   1  4  
 2 Andrew Poturalski        Chris Terry              Seth Griffith            33     0   2  3  
 3 Matthew Peca             Charles Hudon            Zach Sanford             24     0   2  3  
 4 Joseph Blandisi          Justin Dowling           Rocco Grimaldi           7      0   4  1  

5 vs 5 Defense 
   Defense                  Defense                                           Time % Phy DF OF 
 1 Vincent Desharnais       Kyle Capobianco                                   40     0   3  2  
 2 Calle Rosen              Jacob MacDonald                                   35     0   3  2  
 3 Zachary Metsa            Josh Brown                                        25     0   4  1  
 4 Vincent Desharnais       Kyle Capobianco                                   0      0   4  1  

PowerPlay Forward 
   Center                   Left Wing                Right Wing               Time % Phy DF OF 
 1 Cal O'Reilly             John Leonard             Tyler Pitlick            60     0   1  4  
 2 Andrew Poturalski        Chris Terry              Seth Griffith            40     0   1  4  

PowerPlay Defense
   Defense                  Defense                                           Time % Phy DF OF 
 1 Vincent Desharnais       Charles Hudon                                     60     0   1  4  
 2 Zachary Metsa            Kyle Capobianco                                   40     0   1  4  

Penalty Kill 4 Players Forward 
   Center                   Wing                     Time % Phy DF OF 
 1 Joseph Blandisi          Justin Dowling           60     0   4  1  
 2 Matthew Peca             Zach Sanford             40     0   4  1  

Penalty Kill 4 Players Defense
   Defense                  Defense                  Time % Phy DF OF 
 1 Calle Rosen              Jacob MacDonald          60     0   4  1  
 2 Zachary Metsa            Josh Brown               40     0   4  1  

Penalty Kill - 3 Players Forward 
   Forward                                           Time % Phy DF OF 
 1 Justin Dowling                                    55     1   2  2  
 2 Joseph Blandisi                                   45     1   2  2  

Penalty Kill - 3 Players Defense
   Defense                  Defense                  Time % Phy DF OF 
 1 Zachary Metsa            Josh Brown               55     1   2  2  
 2 Vincent Desharnais       Kyle Capobianco          45     1   2  2  

4 vs 4 Forward 
   Center                   Wing                     Time % Phy DF OF 
 1 Cal O'Reilly             John Leonard             52     1   2  2  
 2 Andrew Poturalski        Chris Terry              48     1   2  2  

4 vs 4 Defense
   Defense                  Defense                  Time % Phy DF OF 
 1 Zachary Metsa            Josh Brown               52     1   2  2  
 2 Vincent Desharnais       Kyle Capobianco          48     1   2  2  

Last Minutes Offensive
   Center                   Left Wing                Right Wing               Defense                  Defense                  
   Cal O'Reilly             John Leonard             Tyler Pitlick            Vincent Desharnais       Kyle Capobianco          

Last Minutes Defensive
   Center                   Left Wing                Right Wing               Defense                  Defense                  
   Matthew Peca             Joseph Blandisi          Justin Dowling           Calle Rosen              Jacob MacDonald          

Goaltenders
Starting : Oscar Dansk              
Backup : Parker Gahagen           

Extra Forwards
Normal : Tyler Pitlick, Cal O'Reilly, Andrew Poturalski - PP : Justin Dowling, Joseph Blandisi - PK : Zach Sanford
Extra Defensemen
Normal : Zachary Metsa, Josh Brown, Calle Rosen - PP : Zachary Metsa - PK : Josh Brown, Calle Rosen
Penalty Shots
Seth Griffith, Tyler Pitlick, John Leonard, Andrew Poturalski, Chris Terry

Scratches
Case McCarthy (Healthy), Ayrton Martino (Healthy), Ben Meehan (Healthy), Carson Bantle (Healthy), Jakub Demek (Healthy)
Gunnarwolfe Fontaine (Healthy), Hunter Haight (Healthy), Joseph LaBate (Healthy), Matt Luff (Healthy), Logan Shaw (Healthy)
Luke Reid (Healthy), Trevor Kuntar (Healthy), Santeri Hatakka (Healthy), Owen Lindmark (Healthy)

NEW HAVEN WARTHOGS

5 vs 5 Forward 
   Center                   Left Wing                Right Wing               Time % Phy DF OF 
 1 Mark Kastelic            Jakub Lauko              Matt Rempe               36     1   2  2  
 2 Mikael Pyyhtia           Tristan Broz             Tyler Boucher            31     1   2  2  
 3 Ryan Suzuki              Julian Lutz              Justin Ertel             23     1   2  2  
 4 Dans Locmelis            Mark Kastelic            Jakub Lauko              10     1   2  2  

5 vs 5 Defense 
   Defense                  Defense                                           Time % Phy DF OF 
 1 Zachary Jones            Lian Bichsel                                      36     1   2  2  
 2 Jack St. Ivany           Cole McWard                                       31     1   2  2  
 3 Isaiah George            Charles-Alexis Legault                            23     1   2  2  
 4 Angus Booth              Calle Odelius                                     10     1   2  2  

PowerPlay Forward 
   Center                   Left Wing                Right Wing               Time % Phy DF OF 
 1 Mark Kastelic            Jakub Lauko              Matt Rempe               55     1   2  2  
 2 Mikael Pyyhtia           Tristan Broz             Tyler Boucher            45     1   2  2  

PowerPlay Defense
   Defense                  Defense                                           Time % Phy DF OF 
 1 Zachary Jones            Lian Bichsel                                      55     1   2  2  
 2 Jack St. Ivany           Cole McWard                                       45     1   2  2  

Penalty Kill 4 Players Forward 
   Center                   Wing                     Time % Phy DF OF 
 1 Mark Kastelic            Jakub Lauko              55     1   2  2  
 2 Mikael Pyyhtia           Ryan Suzuki              45     1   2  2  

Penalty Kill 4 Players Defense
   Defense                  Defense                  Time % Phy DF OF 
 1 Zachary Jones            Lian Bichsel             55     1   2  2  
 2 Jack St. Ivany           Cole McWard              45     1   2  2  

Penalty Kill - 3 Players Forward 
   Forward                                           Time % Phy DF OF 
 1 Mark Kastelic                                     55     1   2  2  
 2 Jakub Lauko                                       45     1   2  2  

Penalty Kill - 3 Players Defense
   Defense                  Defense                  Time % Phy DF OF 
 1 Zachary Jones            Lian Bichsel             55     1   2  2  
 2 Jack St. Ivany           Cole McWard              45     1   2  2  

4 vs 4 Forward 
   Center                   Wing                     Time % Phy DF OF 
 1 Mark Kastelic            Jakub Lauko              55     1   2  2  
 2 Mikael Pyyhtia           Ryan Suzuki              45     1   2  2  

4 vs 4 Defense
   Defense                  Defense                  Time % Phy DF OF 
 1 Zachary Jones            Lian Bichsel             55     1   2  2  
 2 Jack St. Ivany           Cole McWard              45     1   2  2  

Last Minutes Offensive
   Center                   Left Wing                Right Wing               Defense                  Defense                  
   Mark Kastelic            Jakub Lauko              Matt Rempe               Zachary Jones            Lian Bichsel             

Last Minutes Defensive
   Center                   Left Wing                Right Wing               Defense                  Defense                  
   Mark Kastelic            Jakub Lauko              Matt Rempe               Zachary Jones            Lian Bichsel             

Goaltenders
Starting : Akira Schmid             
Backup : Dylan Garand             

Extra Forwards
Normal : Julian Lutz, Justin Ertel, Dans Locmelis - PP : Julian Lutz, Justin Ertel - PK : Dans Locmelis
Extra Defensemen
Normal : Isaiah George, Charles-Alexis Legault, Angus Booth - PP : Isaiah George - PK : Charles-Alexis Legault, Angus Booth
Penalty Shots
Mark Kastelic, Jakub Lauko, Mikael Pyyhtia, Ryan Suzuki, Matt Rempe

Scratches
Aidan Thompson (Healthy), Alex Bump (Healthy), Cameron Berg (Healthy), Guillaume Richard (Healthy), Jordan Dumais (Healthy)
Koehn Ziemmer (Healthy), Taige Harding (Healthy), Jacob Fowler (Healthy), Sebastian Cossa (Healthy)

% Time on Ice - WORCESTER TITANS

Lines # - Real PCT - Wanted PCT - Time Play
Normal Forward
1 - 32% - 36% - 14:14
2 - 32% - 33% - 14:19
3 - 21% - 24% - 9:26
4 - 15% - 7% - 6:32
Normal Defense
1 - 33% - 40% - 14:50
2 - 41% - 35% - 18:05
3 - 26% - 25% - 11:36
4 - 0% - 0% - 0:00
PP Forward
1 - 51% - 60% - 6:43
2 - 49% - 40% - 6:29
PP Defense
1 - 53% - 60% - 6:58
2 - 47% - 40% - 6:14
PK Forward
1 - 58% - 60% - 1:19
2 - 42% - 40% - 0:58
PK Defense
1 - 64% - 60% - 1:28
2 - 36% - 40% - 0:49
PK3 Forward
1 - 0% - 55%
2 - 0% - 45%
PK3 Defense
1 - 0% - 55%
2 - 0% - 45%
44 Forward
1 - 48% - 52% - 2:23
2 - 52% - 48% - 2:37
44 Defense
1 - 48% - 52% - 2:23
2 - 52% - 48% - 2:37
Last Minute Offensive  - 0:00
Last Minute Defensive  - 0:00
Total
Forward - 65:00
Defense - 65:00

% Time on Ice - NEW HAVEN WARTHOGS

Lines # - Real PCT - Wanted PCT - Time Play
Normal Forward
1 - 28% - 36% - 12:24
2 - 31% - 31% - 13:58
3 - 35% - 23% - 15:41
4 - 6% - 10% - 2:28
Normal Defense
1 - 29% - 36% - 13:06
2 - 27% - 31% - 11:55
3 - 28% - 23% - 12:28
4 - 16% - 10% - 7:02
PP Forward
1 - 53% - 55% - 1:12
2 - 47% - 45% - 1:05
PP Defense
1 - 45% - 55% - 1:02
2 - 55% - 45% - 1:15
PK Forward
1 - 52% - 55% - 6:49
2 - 48% - 45% - 6:23
PK Defense
1 - 53% - 55% - 7:03
2 - 47% - 45% - 6:09
PK3 Forward
1 - 0% - 55%
2 - 0% - 45%
PK3 Defense
1 - 0% - 55%
2 - 0% - 45%
44 Forward
1 - 65% - 55% - 3:14
2 - 35% - 45% - 1:46
44 Defense
1 - 49% - 55% - 2:27
2 - 51% - 45% - 2:33
Last Minute Offensive  - 0:00
Last Minute Defensive  - 0:00
Total
Forward - 65:00
Defense - 65:00

Play-by-Play

1st period


0:01 of 1st period - Cal O'Reilly wins face-off versus Matt Rempe in neutral zone.
0:23 of 1st period - Shot by Mark Kastelic.
0:23 of 1st period - Shot Blocked by Vincent Desharnais.
0:33 of 1st period - Shot by Mark Kastelic.
0:33 of 1st period - Shot Misses the Net.
1:10 of 1st period - Shot by Tristan Broz.
1:10 of 1st period - Goal by Tristan Broz - WORCESTER TITANS : 0 - NEW HAVEN WARTHOGS : 1.
1:11 of 1st period - Andrew Poturalski wins face-off versus Ryan Suzuki in neutral zone.
1:25 of 1st period - Shot by Andrew Poturalski.
1:25 of 1st period - Stopped by Akira Schmid without a rebound.
1:26 of 1st period - Jakub Lauko wins face-off versus Matthew Peca in NEW HAVEN WARTHOGS zone.
1:30 of 1st period - Jakub Lauko is hit by Zach Sanford and loses puck.
1:39 of 1st period - Shot by Jakub Lauko.
1:39 of 1st period - Stopped by Oscar Dansk with a rebound.
1:41 of 1st period - Shot by Mark Kastelic.
1:41 of 1st period - Shot Misses the Net.
1:43 of 1st period - Shot by Jakub Lauko.
1:43 of 1st period - Shot Misses the Net.
1:45 of 1st period - Shot by Mark Kastelic.
1:45 of 1st period - Shot Misses the Net.
1:47 of 1st period - Shot by Mark Kastelic.
1:47 of 1st period - Shot Misses the Net.
1:56 of 1st period - Mark Kastelic is hit by Josh Brown and loses puck.
2:06 of 1st period - Icing by Zachary Metsa.
2:07 of 1st period - Matthew Peca wins face-off versus Ryan Suzuki in WORCESTER TITANS zone.
2:07 of 1st period - Matthew Peca is hit by Justin Ertel.
2:40 of 1st period - Icing by Josh Brown.
2:41 of 1st period - Matthew Peca wins face-off versus Mikael Pyyhtia in WORCESTER TITANS zone.
2:41 of 1st period - Matthew Peca is hit by Tristan Broz.
3:16 of 1st period - Mikael Pyyhtia is hit by Josh Brown.
3:19 of 1st period - Icing by Josh Brown.
3:20 of 1st period - Mark Kastelic wins face-off versus Matthew Peca in WORCESTER TITANS zone.
4:07 of 1st period - Shot by Chris Terry.
4:07 of 1st period - Deflect By Andrew Poturalski.
4:07 of 1st period - Stopped by Akira Schmid with a rebound.
4:13 of 1st period - Shot by Seth Griffith.
4:13 of 1st period - Shot Misses the Net.
4:21 of 1st period - Shot by Andrew Poturalski.
4:21 of 1st period - Shot Misses the Net.
4:37 of 1st period - Shot by John Leonard.
4:37 of 1st period - Stopped by Akira Schmid without a rebound.
4:38 of 1st period - John Leonard wins face-off versus Mikael Pyyhtia in NEW HAVEN WARTHOGS zone.
4:44 of 1st period - Icing by Jack St. Ivany.
4:45 of 1st period - Joseph Blandisi wins face-off versus Tyler Boucher in NEW HAVEN WARTHOGS zone.
5:14 of 1st period - Shot by Rocco Grimaldi.
5:14 of 1st period - Shot Misses the Net.
5:16 of 1st period - Shot by Justin Dowling.
5:16 of 1st period - Stopped by Akira Schmid without a rebound.
5:17 of 1st period - Chris Terry wins face-off versus Mark Kastelic in NEW HAVEN WARTHOGS zone.
5:20 of 1st period - Shot by Seth Griffith.
5:20 of 1st period - Goal by Seth Griffith - WORCESTER TITANS : 1 - NEW HAVEN WARTHOGS : 1.
5:21 of 1st period - Andrew Poturalski wins face-off versus Mark Kastelic in neutral zone.
5:21 of 1st period - Andrew Poturalski is hit by Mark Kastelic.
5:29 of 1st period - Jacob MacDonald is hit by Lian Bichsel.
5:30 of 1st period - Minor Penalty to Lian Bichsel for Slashing.
5:31 of 1st period - Cal O'Reilly wins face-off versus Mark Kastelic in NEW HAVEN WARTHOGS zone.
5:40 of 1st period - Shot by John Leonard.
5:40 of 1st period - Shot Misses the Net.
6:33 of 1st period - Icing by Vincent Desharnais.
6:34 of 1st period - Mikael Pyyhtia wins face-off versus Andrew Poturalski in WORCESTER TITANS zone.
6:56 of 1st period - Mikael Pyyhtia is hit by Charles Hudon and loses puck.
7:01 of 1st period - Shot by Ryan Suzuki.
7:01 of 1st period - Shot Misses the Net.
7:29 of 1st period - Icing by Zachary Metsa.
7:30 of 1st period - Joseph Blandisi wins face-off versus Mark Kastelic in WORCESTER TITANS zone.
7:46 of 1st period - Minor Penalty to Angus Booth for Slashing.
7:47 of 1st period - Cal O'Reilly wins face-off versus Mark Kastelic in NEW HAVEN WARTHOGS zone.
8:16 of 1st period - Shot by Kyle Capobianco.
8:16 of 1st period - Stopped by Akira Schmid with a rebound.
8:46 of 1st period - Shot by Charles Hudon.
8:46 of 1st period - Shot Blocked by Mikael Pyyhtia.
9:12 of 1st period - Shot by Charles Hudon.
9:12 of 1st period - Shot Misses the Net.
10:12 of 1st period - Shot by Justin Dowling.
10:12 of 1st period - Shot Misses the Net.
10:14 of 1st period - Shot by Jacob MacDonald.
10:14 of 1st period - Shot Misses the Net.
10:16 of 1st period - Shot by Joseph Blandisi.
10:16 of 1st period - Shot Misses the Net.
10:44 of 1st period - Shot by Cal O'Reilly.
10:44 of 1st period - Stopped by Akira Schmid without a rebound.
10:45 of 1st period - Tyler Pitlick wins face-off versus Mark Kastelic in NEW HAVEN WARTHOGS zone.
10:56 of 1st period - Shot by John Leonard.
10:56 of 1st period - Stopped by Akira Schmid with a rebound.
11:23 of 1st period - Off-side.
11:24 of 1st period - Matthew Peca wins face-off versus Julian Lutz in neutral zone.
11:30 of 1st period - Icing by Lian Bichsel.
11:31 of 1st period - Ryan Suzuki wins face-off versus Andrew Poturalski in NEW HAVEN WARTHOGS zone.
11:41 of 1st period - Off-side.
11:42 of 1st period - Seth Griffith wins face-off versus Mikael Pyyhtia in neutral zone.
12:14 of 1st period - Shot by Andrew Poturalski.
12:14 of 1st period - Shot Misses the Net.
12:33 of 1st period - Icing by Calle Rosen.
12:34 of 1st period - Cal O'Reilly wins face-off versus Matt Rempe in WORCESTER TITANS zone.
12:51 of 1st period - Shot by Mark Kastelic.
12:51 of 1st period - Stopped by Oscar Dansk without a rebound.
12:52 of 1st period - Matthew Peca wins face-off versus Julian Lutz in WORCESTER TITANS zone.
12:52 of 1st period - Matthew Peca is hit by Ryan Suzuki.
13:00 of 1st period - Shot by Charles Hudon.
13:00 of 1st period - Stopped by Akira Schmid without a rebound.
13:01 of 1st period - Ryan Suzuki wins face-off versus Cal O'Reilly in NEW HAVEN WARTHOGS zone.
14:06 of 1st period - Shot by Jakub Lauko.
14:06 of 1st period - Stopped by Oscar Dansk without a rebound.
14:07 of 1st period - Tristan Broz wins face-off versus Andrew Poturalski in WORCESTER TITANS zone.
14:07 of 1st period - Mikael Pyyhtia is hit by Kyle Capobianco.
14:36 of 1st period - Mikael Pyyhtia is hit by Vincent Desharnais and loses puck.
14:55 of 1st period - Icing by Kyle Capobianco.
14:56 of 1st period - Andrew Poturalski wins face-off versus Mark Kastelic in WORCESTER TITANS zone.
14:56 of 1st period - Chris Terry is hit by Mark Kastelic.
15:06 of 1st period - Jakub Lauko is hit by Vincent Desharnais and loses puck.
15:21 of 1st period - Shot by Mark Kastelic.
15:21 of 1st period - Shot Blocked by Seth Griffith.
15:23 of 1st period - Shot by Mark Kastelic.
15:23 of 1st period - Stopped by Oscar Dansk without a rebound.
15:24 of 1st period - Matthew Peca wins face-off versus Ryan Suzuki in WORCESTER TITANS zone.
15:24 of 1st period - Matthew Peca is hit by Ryan Suzuki.
15:35 of 1st period - Off-side.
15:36 of 1st period - Cal O'Reilly wins face-off versus Mikael Pyyhtia in neutral zone.
15:36 of 1st period - Cal O'Reilly is hit by Tyler Boucher.
16:07 of 1st period - Shot by John Leonard.
16:07 of 1st period - Shot Blocked by Angus Booth.
16:09 of 1st period - Shot by John Leonard.
16:09 of 1st period - Shot Misses the Net.
16:16 of 1st period - John Leonard is hit by Calle Odelius and loses puck.
16:26 of 1st period - Icing by Mikael Pyyhtia.
16:27 of 1st period - Mikael Pyyhtia wins face-off versus Matthew Peca in NEW HAVEN WARTHOGS zone.
16:48 of 1st period - Shot by Charles Hudon.
16:48 of 1st period - Stopped by Akira Schmid without a rebound.
16:49 of 1st period - Ryan Suzuki wins face-off versus Andrew Poturalski in NEW HAVEN WARTHOGS zone.
16:49 of 1st period - Ryan Suzuki is hit by Seth Griffith.
17:09 of 1st period - Andrew Poturalski is hit by Jack St. Ivany and loses puck.
17:20 of 1st period - Shot by Andrew Poturalski.
17:20 of 1st period - Shot Misses the Net.
17:22 of 1st period - Shot by Vincent Desharnais.
17:22 of 1st period - Stopped by Akira Schmid with a rebound.
17:45 of 1st period - Icing by Jacob MacDonald.
17:46 of 1st period - Cal O'Reilly wins face-off versus Mark Kastelic in WORCESTER TITANS zone.
18:23 of 1st period - Shot by John Leonard.
18:23 of 1st period - Shot Misses the Net.
18:25 of 1st period - Shot by Jacob MacDonald.
18:25 of 1st period - Stopped by Akira Schmid without a rebound.
18:26 of 1st period - Matthew Peca wins face-off versus Mikael Pyyhtia in NEW HAVEN WARTHOGS zone.
18:26 of 1st period - Minor Penalty to Charles-Alexis Legault for Tripping.
18:27 of 1st period - Andrew Poturalski wins face-off versus Mikael Pyyhtia in NEW HAVEN WARTHOGS zone.
18:30 of 1st period - Shot by Seth Griffith.
18:30 of 1st period - Stopped by Akira Schmid without a rebound.
18:31 of 1st period - Mark Kastelic wins face-off versus Andrew Poturalski in NEW HAVEN WARTHOGS zone.
18:48 of 1st period - Shot by Andrew Poturalski.
18:48 of 1st period - Deflect By Chris Terry.
18:48 of 1st period - Stopped by Akira Schmid without a rebound.
18:49 of 1st period - Cal O'Reilly wins face-off versus Mikael Pyyhtia in NEW HAVEN WARTHOGS zone.
18:50 of 1st period - Shot by Tyler Pitlick.
18:50 of 1st period - Shot Misses the Net.
19:16 of 1st period - Shot by Tyler Pitlick.
19:16 of 1st period - Stopped by Akira Schmid without a rebound.
19:17 of 1st period - Andrew Poturalski wins face-off versus Mikael Pyyhtia in NEW HAVEN WARTHOGS zone.
19:38 of 1st period - Shot by Chris Terry.
19:38 of 1st period - Shot Misses the Net.
19:40 of 1st period - Shot by Vincent Desharnais.
19:40 of 1st period - Shot Misses the Net.
19:42 of 1st period - Shot by Vincent Desharnais.
19:42 of 1st period - Shot Hit the Post.
19:44 of 1st period - Shot by Charles Hudon.
19:44 of 1st period - Goal by Charles Hudon - WORCESTER TITANS : 2 - NEW HAVEN WARTHOGS : 1.
19:45 of 1st period - Cal O'Reilly wins face-off versus Ryan Suzuki in neutral zone.
Goals for this period are 2 for WORCESTER TITANS vs 1 for NEW HAVEN WARTHOGS.
Shots for this period are 16 for WORCESTER TITANS vs 5 for NEW HAVEN WARTHOGS.

2nd period


0:01 of 2nd period - Mark Kastelic wins face-off versus Seth Griffith in neutral zone.
0:12 of 2nd period - Shot by Mark Kastelic.
0:12 of 2nd period - Stopped by Oscar Dansk without a rebound.
0:13 of 2nd period - Mikael Pyyhtia wins face-off versus Matthew Peca in WORCESTER TITANS zone.
0:38 of 2nd period - Shot by Matthew Peca.
0:38 of 2nd period - Stopped by Akira Schmid without a rebound.
0:39 of 2nd period - Andrew Poturalski wins face-off versus Jakub Lauko in NEW HAVEN WARTHOGS zone.
0:50 of 2nd period - Shot by Seth Griffith.
0:50 of 2nd period - Shot Misses the Net.
0:52 of 2nd period - Shot by Vincent Desharnais.
0:52 of 2nd period - Shot Misses the Net.
0:54 of 2nd period - Shot by Vincent Desharnais.
0:54 of 2nd period - Stopped by Akira Schmid with a rebound.
1:59 of 2nd period - Shot by John Leonard.
1:59 of 2nd period - Shot Misses the Net.
2:01 of 2nd period - Shot by Calle Rosen.
2:01 of 2nd period - Shot Misses the Net.
2:15 of 2nd period - Shot by Cal O'Reilly.
2:15 of 2nd period - Stopped by Akira Schmid with a rebound.
2:52 of 2nd period - Shot by Tristan Broz.
2:52 of 2nd period - Shot Blocked by Zachary Metsa.
2:54 of 2nd period - Shot by Mikael Pyyhtia.
2:54 of 2nd period - Shot Misses the Net.
2:56 of 2nd period - Shot by Mikael Pyyhtia.
2:56 of 2nd period - Shot Misses the Net.
2:58 of 2nd period - Shot by Tyler Boucher.
2:58 of 2nd period - Stopped by Oscar Dansk with a rebound.
3:00 of 2nd period - Shot by Mikael Pyyhtia.
3:00 of 2nd period - Stopped by Oscar Dansk without a rebound.
3:01 of 2nd period - Dans Locmelis wins face-off versus Joseph Blandisi in WORCESTER TITANS zone.
3:04 of 2nd period - Shot by Jakub Lauko.
3:04 of 2nd period - Stopped by Oscar Dansk with a rebound.
3:11 of 2nd period - Justin Dowling is hit by Calle Odelius and loses puck.
3:17 of 2nd period - Rocco Grimaldi is hit by Calle Odelius and loses puck.
4:31 of 2nd period - Shot by Mikael Pyyhtia.
4:31 of 2nd period - Shot Misses the Net.
4:33 of 2nd period - Shot by Mikael Pyyhtia.
4:33 of 2nd period - Stopped by Oscar Dansk with a rebound.
4:35 of 2nd period - Shot by Mikael Pyyhtia.
4:35 of 2nd period - Shot Misses the Net.
5:02 of 2nd period - Minor Penalty to Julian Lutz for Roughing.
5:03 of 2nd period - Mark Kastelic wins face-off versus Cal O'Reilly in NEW HAVEN WARTHOGS zone.
5:14 of 2nd period - Shot by John Leonard.
5:14 of 2nd period - Shot Misses the Net.
5:40 of 2nd period - Shot by Cal O'Reilly.
5:40 of 2nd period - Shot Misses the Net.
5:54 of 2nd period - Shot by Andrew Poturalski.
5:54 of 2nd period - Shot Misses the Net.
5:56 of 2nd period - Shot by Vincent Desharnais.
5:56 of 2nd period - Shot Blocked by Jack St. Ivany.
5:58 of 2nd period - Shot by Andrew Poturalski.
5:58 of 2nd period - Stopped by Akira Schmid with a rebound.
6:00 of 2nd period - Shot by Charles Hudon.
6:00 of 2nd period - Shot Misses the Net.
6:02 of 2nd period - Shot by Vincent Desharnais.
6:02 of 2nd period - Stopped by Akira Schmid with a rebound.
6:04 of 2nd period - Shot by Charles Hudon.
6:04 of 2nd period - Shot Blocked by Cole McWard.
6:26 of 2nd period - Zachary Metsa is hit by Mark Kastelic and loses puck.
6:38 of 2nd period - Icing by Cal O'Reilly.
6:39 of 2nd period - Cal O'Reilly wins face-off versus Mikael Pyyhtia in WORCESTER TITANS zone.
6:50 of 2nd period - Shot by Cal O'Reilly.
6:50 of 2nd period - Deflect By Tyler Pitlick.
6:50 of 2nd period - Shot Blocked by Mikael Pyyhtia.
7:10 of 2nd period - Shot by Justin Dowling.
7:10 of 2nd period - Deflect By Rocco Grimaldi.
7:10 of 2nd period - Shot Misses the Net.
8:43 of 2nd period - Shot by Ryan Suzuki.
8:43 of 2nd period - Shot Blocked by Jacob MacDonald.
9:13 of 2nd period - Shot by Tyler Pitlick.
9:13 of 2nd period - Shot Blocked by Jack St. Ivany.
9:21 of 2nd period - Shot by John Leonard.
9:21 of 2nd period - Stopped by Akira Schmid without a rebound.
9:22 of 2nd period - Mark Kastelic wins face-off versus Andrew Poturalski in NEW HAVEN WARTHOGS zone.
10:35 of 2nd period - Minor Penalty to Vincent Desharnais for Interference.
10:36 of 2nd period - Mark Kastelic wins face-off versus Matthew Peca in WORCESTER TITANS zone.
10:53 of 2nd period - Shot by Mark Kastelic.
10:53 of 2nd period - Goal by Mark Kastelic - WORCESTER TITANS : 2 - NEW HAVEN WARTHOGS : 2.
10:54 of 2nd period - Tyler Pitlick wins face-off versus Ryan Suzuki in neutral zone.
11:01 of 2nd period - Shot by Vincent Desharnais.
11:01 of 2nd period - Shot Misses the Net.
11:03 of 2nd period - Shot by Vincent Desharnais.
11:03 of 2nd period - Shot Blocked by Cole McWard.
11:05 of 2nd period - Shot by Kyle Capobianco.
11:05 of 2nd period - Stopped by Akira Schmid with a rebound.
11:25 of 2nd period - Shot by Cal O'Reilly.
11:25 of 2nd period - Deflect By John Leonard.
11:25 of 2nd period - Stopped by Akira Schmid without a rebound.
11:26 of 2nd period - Matthew Peca wins face-off versus Mikael Pyyhtia in NEW HAVEN WARTHOGS zone.
11:36 of 2nd period - Shot by Matthew Peca.
11:36 of 2nd period - Shot Misses the Net.
11:38 of 2nd period - Shot by Calle Rosen.
11:38 of 2nd period - Shot Blocked by Mikael Pyyhtia.
11:46 of 2nd period - Shot by Matthew Peca.
11:46 of 2nd period - Shot Blocked by Tyler Boucher.
11:56 of 2nd period - Shot by Zach Sanford.
11:56 of 2nd period - Shot Misses the Net.
12:09 of 2nd period - Mikael Pyyhtia is hit by Kyle Capobianco.
12:42 of 2nd period - Shot by Jakub Lauko.
12:42 of 2nd period - Stopped by Oscar Dansk without a rebound.
12:43 of 2nd period - Cal O'Reilly wins face-off versus Ryan Suzuki in WORCESTER TITANS zone.
13:06 of 2nd period - Shot by Julian Lutz.
13:06 of 2nd period - Stopped by Oscar Dansk without a rebound.
13:07 of 2nd period - Mark Kastelic wins face-off versus Charles Hudon in WORCESTER TITANS zone.
13:10 of 2nd period - Shot by Mark Kastelic.
13:10 of 2nd period - Shot Blocked by Jacob MacDonald.
13:30 of 2nd period - Shot by Jakub Lauko.
13:30 of 2nd period - Shot Blocked by Jacob MacDonald.
13:32 of 2nd period - Shot by Isaiah George.
13:32 of 2nd period - Stopped by Oscar Dansk without a rebound.
13:33 of 2nd period - Ryan Suzuki wins face-off versus Cal O'Reilly in WORCESTER TITANS zone.
13:38 of 2nd period - Shot by Zachary Jones.
13:38 of 2nd period - Stopped by Oscar Dansk without a rebound.
13:39 of 2nd period - Mikael Pyyhtia wins face-off versus Cal O'Reilly in WORCESTER TITANS zone.
13:52 of 2nd period - Shot by Cal O'Reilly.
13:52 of 2nd period - Stopped by Akira Schmid without a rebound.
13:53 of 2nd period - Ryan Suzuki wins face-off versus Andrew Poturalski in NEW HAVEN WARTHOGS zone.
13:53 of 2nd period - Ryan Suzuki is hit by Josh Brown.
13:58 of 2nd period - Ryan Suzuki is hit by Josh Brown and loses puck.
14:03 of 2nd period - Shot by Justin Ertel.
14:03 of 2nd period - Stopped by Oscar Dansk without a rebound.
14:04 of 2nd period - Cal O'Reilly wins face-off versus Mark Kastelic in WORCESTER TITANS zone.
14:04 of 2nd period - Cal O'Reilly is hit by Matt Rempe.
14:05 of 2nd period - Minor Penalty to Matt Rempe for Roughing.
14:06 of 2nd period - Mark Kastelic wins face-off versus Cal O'Reilly in NEW HAVEN WARTHOGS zone.
14:06 of 2nd period - Mark Kastelic is hit by Tyler Pitlick.
14:39 of 2nd period - Icing by John Leonard.
14:40 of 2nd period - John Leonard wins face-off versus Mikael Pyyhtia in WORCESTER TITANS zone.
14:51 of 2nd period - Shot by John Leonard.
14:51 of 2nd period - Shot Misses the Net.
15:15 of 2nd period - Shot by Andrew Poturalski.
15:15 of 2nd period - Stopped by Akira Schmid without a rebound.
15:16 of 2nd period - Mark Kastelic wins face-off versus Andrew Poturalski in NEW HAVEN WARTHOGS zone.
15:16 of 2nd period - Jakub Lauko is hit by Chris Terry and loses puck.
15:42 of 2nd period - Shot by Andrew Poturalski.
15:42 of 2nd period - Shot Misses the Net.
15:44 of 2nd period - Shot by Kyle Capobianco.
15:44 of 2nd period - Shot Misses the Net.
15:46 of 2nd period - Shot by Zachary Metsa.
15:46 of 2nd period - Shot Misses the Net.
15:48 of 2nd period - Shot by Zachary Metsa.
15:48 of 2nd period - Shot Blocked by Mikael Pyyhtia.
15:50 of 2nd period - Shot by Kyle Capobianco.
15:50 of 2nd period - Stopped by Akira Schmid with a rebound.
15:52 of 2nd period - Shot by Zachary Metsa.
15:52 of 2nd period - Stopped by Akira Schmid with a rebound.
15:54 of 2nd period - Shot by Kyle Capobianco.
15:54 of 2nd period - Stopped by Akira Schmid with a rebound.
16:31 of 2nd period - Shot by Mark Kastelic.
16:31 of 2nd period - Shot Misses the Net.
16:35 of 2nd period - Shot by Jakub Lauko.
16:35 of 2nd period - Stopped by Oscar Dansk without a rebound.
16:36 of 2nd period - Cal O'Reilly wins face-off versus Ryan Suzuki in WORCESTER TITANS zone.
16:36 of 2nd period - John Leonard is hit by Ryan Suzuki and loses puck.
16:52 of 2nd period - Shot by Kyle Capobianco.
16:52 of 2nd period - Stopped by Akira Schmid with a rebound.
16:55 of 2nd period - Minor Penalty to Jack St. Ivany for Interference.
16:56 of 2nd period - Andrew Poturalski wins face-off versus Mark Kastelic in NEW HAVEN WARTHOGS zone.
16:59 of 2nd period - Shot by Charles Hudon.
16:59 of 2nd period - Stopped by Akira Schmid without a rebound.
17:00 of 2nd period - Mikael Pyyhtia wins face-off versus Cal O'Reilly in NEW HAVEN WARTHOGS zone.
17:15 of 2nd period - Shot by John Leonard.
17:15 of 2nd period - Stopped by Akira Schmid with a rebound.
17:23 of 2nd period - Shot by Charles Hudon.
17:23 of 2nd period - Shot Misses the Net.
17:25 of 2nd period - Shot by Vincent Desharnais.
17:25 of 2nd period - Shot Misses the Net.
17:27 of 2nd period - Shot by John Leonard.
17:27 of 2nd period - Stopped by Akira Schmid without a rebound.
17:28 of 2nd period - Mikael Pyyhtia wins face-off versus Andrew Poturalski in NEW HAVEN WARTHOGS zone.
17:45 of 2nd period - Shot by Chris Terry.
17:45 of 2nd period - Stopped by Akira Schmid without a rebound.
17:46 of 2nd period - Cal O'Reilly wins face-off versus Mark Kastelic in NEW HAVEN WARTHOGS zone.
18:04 of 2nd period - Shot by Charles Hudon.
18:04 of 2nd period - Stopped by Akira Schmid without a rebound.
18:05 of 2nd period - Mark Kastelic wins face-off versus Andrew Poturalski in NEW HAVEN WARTHOGS zone.
19:18 of 2nd period - Calle Rosen is hit by Julian Lutz and loses puck.
19:58 of 2nd period - Shot by John Leonard.
19:58 of 2nd period - Deflect By Cal O'Reilly.
19:58 of 2nd period - Stopped by Akira Schmid without a rebound.
19:59 of 2nd period - Matt Rempe wins face-off versus Joseph Blandisi in NEW HAVEN WARTHOGS zone.
Goals for this period are 0 for WORCESTER TITANS vs 1 for NEW HAVEN WARTHOGS.
Shots for this period are 20 for WORCESTER TITANS vs 12 for NEW HAVEN WARTHOGS.

3rd period


0:01 of 3rd period - Cal O'Reilly wins face-off versus Mark Kastelic in neutral zone.
0:14 of 3rd period - Shot by Jakub Lauko.
0:14 of 3rd period - Stopped by Oscar Dansk with a rebound.
0:22 of 3rd period - Shot by Mark Kastelic.
0:22 of 3rd period - Shot Misses the Net.
0:24 of 3rd period - Shot by Zachary Jones.
0:24 of 3rd period - Shot Blocked by Kyle Capobianco.
0:26 of 3rd period - Shot by Mark Kastelic.
0:26 of 3rd period - Shot Misses the Net.
0:28 of 3rd period - Shot by Jakub Lauko.
0:28 of 3rd period - Shot Blocked by Vincent Desharnais.
0:55 of 3rd period - Cole McWard is hit by Tyler Pitlick and loses puck.
1:55 of 3rd period - Shot by Seth Griffith.
1:55 of 3rd period - Shot Misses the Net.
1:57 of 3rd period - Shot by Andrew Poturalski.
1:57 of 3rd period - Shot Misses the Net.
2:13 of 3rd period - Shot by Seth Griffith.
2:13 of 3rd period - Shot Misses the Net.
2:46 of 3rd period - Shot by Matthew Peca.
2:46 of 3rd period - Shot Misses the Net.
2:48 of 3rd period - Shot by Jacob MacDonald.
2:48 of 3rd period - Shot Misses the Net.
3:06 of 3rd period - Shot by Zach Sanford.
3:06 of 3rd period - Stopped by Akira Schmid without a rebound.
3:07 of 3rd period - Joseph Blandisi wins face-off versus Mark Kastelic in NEW HAVEN WARTHOGS zone.
3:09 of 3rd period - Justin Dowling is hit by Lian Bichsel and loses puck.
3:13 of 3rd period - Icing by Zachary Jones.
3:14 of 3rd period - Joseph Blandisi wins face-off versus Mark Kastelic in NEW HAVEN WARTHOGS zone.
3:14 of 3rd period - Joseph Blandisi is hit by Lian Bichsel.
3:31 of 3rd period - Shot by Rocco Grimaldi.
3:31 of 3rd period - Shot Misses the Net.
3:44 of 3rd period - Minor Penalty to Jacob MacDonald for Hooking.
3:45 of 3rd period - Joseph Blandisi wins face-off versus Mikael Pyyhtia in WORCESTER TITANS zone.
3:56 of 3rd period - Shot by Tristan Broz.
3:56 of 3rd period - Shot Misses the Net.
3:58 of 3rd period - Shot by Jack St. Ivany.
3:58 of 3rd period - Shot Blocked by Zachary Metsa.
4:12 of 3rd period - Shot by Mikael Pyyhtia.
4:12 of 3rd period - Shot Misses the Net.
4:41 of 3rd period - Shot by Jakub Lauko.
4:41 of 3rd period - Shot Misses the Net.
4:43 of 3rd period - Shot by Jakub Lauko.
4:43 of 3rd period - Stopped by Oscar Dansk without a rebound.
4:44 of 3rd period - Mark Kastelic wins face-off versus Matthew Peca in WORCESTER TITANS zone.
4:51 of 3rd period - Shot by Zachary Jones.
4:51 of 3rd period - Stopped by Oscar Dansk with a rebound.
4:53 of 3rd period - Shot by Lian Bichsel.
4:53 of 3rd period - Stopped by Oscar Dansk without a rebound.
4:54 of 3rd period - Matthew Peca wins face-off versus Mikael Pyyhtia in WORCESTER TITANS zone.
5:03 of 3rd period - Shot by Zachary Jones.
5:03 of 3rd period - Shot Blocked by Calle Rosen.
5:11 of 3rd period - Shot by Tristan Broz.
5:11 of 3rd period - Shot Misses the Net.
5:13 of 3rd period - Shot by Mikael Pyyhtia.
5:13 of 3rd period - Deflect By Tristan Broz.
5:13 of 3rd period - Stopped by Oscar Dansk without a rebound.
5:14 of 3rd period - Mark Kastelic wins face-off versus Joseph Blandisi in WORCESTER TITANS zone.
5:55 of 3rd period - Shot by Seth Griffith.
5:55 of 3rd period - Stopped by Akira Schmid without a rebound.
5:56 of 3rd period - Mikael Pyyhtia wins face-off versus Cal O'Reilly in NEW HAVEN WARTHOGS zone.
6:01 of 3rd period - Shot by Mikael Pyyhtia.
6:01 of 3rd period - Stopped by Oscar Dansk without a rebound.
6:02 of 3rd period - Cal O'Reilly wins face-off versus Ryan Suzuki in WORCESTER TITANS zone.
6:22 of 3rd period - Shot by John Leonard.
6:22 of 3rd period - Shot Blocked by Zachary Jones.
6:41 of 3rd period - Shot by John Leonard.
6:41 of 3rd period - Deflect By Tyler Pitlick.
6:41 of 3rd period - Shot Misses the Net.
6:43 of 3rd period - Shot by Cal O'Reilly.
6:43 of 3rd period - Shot Blocked by Lian Bichsel.
7:09 of 3rd period - Shot by Andrew Poturalski.
7:09 of 3rd period - Shot Misses the Net.
7:15 of 3rd period - Shot by Seth Griffith.
7:15 of 3rd period - Shot Misses the Net.
7:17 of 3rd period - Shot by Jacob MacDonald.
7:17 of 3rd period - Deflect By Andrew Poturalski.
7:17 of 3rd period - Shot Misses the Net.
7:19 of 3rd period - Shot by Jacob MacDonald.
7:19 of 3rd period - Stopped by Akira Schmid without a rebound.
7:20 of 3rd period - Charles Hudon wins face-off versus Mark Kastelic in NEW HAVEN WARTHOGS zone.
7:33 of 3rd period - Shot by Zach Sanford.
7:33 of 3rd period - Shot Blocked by Jack St. Ivany.
7:44 of 3rd period - Mark Kastelic is hit by Josh Brown and loses puck.
8:16 of 3rd period - Shot by Tyler Boucher.
8:16 of 3rd period - Shot Blocked by Zachary Metsa.
8:18 of 3rd period - Shot by Mikael Pyyhtia.
8:18 of 3rd period - Stopped by Oscar Dansk without a rebound.
8:19 of 3rd period - Andrew Poturalski wins face-off versus Mikael Pyyhtia in WORCESTER TITANS zone.
8:19 of 3rd period - Andrew Poturalski is hit by Tyler Boucher.
8:22 of 3rd period - Seth Griffith is hit by Tyler Boucher and loses puck.
8:31 of 3rd period - Shot by Andrew Poturalski.
8:31 of 3rd period - Shot Blocked by Mikael Pyyhtia.
8:33 of 3rd period - Shot by Vincent Desharnais.
8:33 of 3rd period - Shot Misses the Net.
8:35 of 3rd period - Shot by Vincent Desharnais.
8:35 of 3rd period - Shot Misses the Net.
8:37 of 3rd period - Shot by Kyle Capobianco.
8:37 of 3rd period - Shot Blocked by Mikael Pyyhtia.
8:39 of 3rd period - Shot by Andrew Poturalski.
8:39 of 3rd period - Stopped by Akira Schmid with a rebound.
8:51 of 3rd period - Icing by Vincent Desharnais.
8:52 of 3rd period - Dans Locmelis wins face-off versus Andrew Poturalski in WORCESTER TITANS zone.
8:54 of 3rd period - Jakub Lauko is hit by Kyle Capobianco and loses puck.
9:11 of 3rd period - Shot by Mark Kastelic.
9:11 of 3rd period - Stopped by Oscar Dansk with a rebound.
9:16 of 3rd period - Off-side.
9:17 of 3rd period - Cal O'Reilly wins face-off versus Ryan Suzuki in neutral zone.
9:21 of 3rd period - John Leonard is hit by Cole McWard and loses puck.
10:22 of 3rd period - Shot by Mikael Pyyhtia.
10:22 of 3rd period - Shot Misses the Net.
10:30 of 3rd period - Shot by Zachary Jones.
10:30 of 3rd period - Stopped by Oscar Dansk without a rebound.
10:31 of 3rd period - Mark Kastelic wins face-off versus Andrew Poturalski in WORCESTER TITANS zone.
10:54 of 3rd period - Shot by Seth Griffith.
10:54 of 3rd period - Shot Misses the Net.
11:10 of 3rd period - Shot by Chris Terry.
11:10 of 3rd period - Stopped by Akira Schmid without a rebound.
11:11 of 3rd period - Mikael Pyyhtia wins face-off versus Matthew Peca in NEW HAVEN WARTHOGS zone.
11:29 of 3rd period - Matthew Peca is hit by Lian Bichsel and loses puck.
11:39 of 3rd period - Shot by Charles Hudon.
11:39 of 3rd period - Stopped by Akira Schmid without a rebound.
11:40 of 3rd period - Ryan Suzuki wins face-off versus Joseph Blandisi in NEW HAVEN WARTHOGS zone.
11:44 of 3rd period - Icing by Julian Lutz.
11:45 of 3rd period - Andrew Poturalski wins face-off versus Ryan Suzuki in NEW HAVEN WARTHOGS zone.
11:45 of 3rd period - Chris Terry is hit by Cole McWard and loses puck.
12:06 of 3rd period - Shot by Seth Griffith.
12:06 of 3rd period - Shot Misses the Net.
12:16 of 3rd period - Shot by Ryan Suzuki.
12:16 of 3rd period - Shot Misses the Net.
12:18 of 3rd period - Shot by Jack St. Ivany.
12:18 of 3rd period - Stopped by Oscar Dansk without a rebound.
12:19 of 3rd period - Cal O'Reilly wins face-off versus Jakub Lauko in WORCESTER TITANS zone.
12:19 of 3rd period - Cal O'Reilly is hit by Matt Rempe.
12:35 of 3rd period - Shot by Tyler Pitlick.
12:35 of 3rd period - Shot Misses the Net.
12:43 of 3rd period - Shot by Tyler Pitlick.
12:43 of 3rd period - Shot Misses the Net.
13:17 of 3rd period - Shot by Tristan Broz.
13:17 of 3rd period - Stopped by Oscar Dansk without a rebound.
13:18 of 3rd period - Andrew Poturalski wins face-off versus Ryan Suzuki in WORCESTER TITANS zone.
13:29 of 3rd period - Shot by Andrew Poturalski.
13:29 of 3rd period - Shot Blocked by Jack St. Ivany.
13:39 of 3rd period - Shot by Andrew Poturalski.
13:39 of 3rd period - Stopped by Akira Schmid with a rebound.
13:41 of 3rd period - Shot by Jacob MacDonald.
13:41 of 3rd period - Stopped by Akira Schmid without a rebound.
13:42 of 3rd period - Matthew Peca wins face-off versus Mikael Pyyhtia in NEW HAVEN WARTHOGS zone.
13:47 of 3rd period - Shot by Matthew Peca.
13:47 of 3rd period - Deflect By Charles Hudon.
13:47 of 3rd period - Stopped by Akira Schmid with a rebound.
13:49 of 3rd period - Shot by Josh Brown.
13:49 of 3rd period - Stopped by Akira Schmid without a rebound.
13:50 of 3rd period - Matthew Peca wins face-off versus Mark Kastelic in NEW HAVEN WARTHOGS zone.
14:25 of 3rd period - Shot by Mark Kastelic.
14:25 of 3rd period - Shot Misses the Net.
14:52 of 3rd period - Off-side.
14:53 of 3rd period - Julian Lutz wins face-off versus Andrew Poturalski in neutral zone.
15:59 of 3rd period - Minor Penalty to Tyler Boucher for Hooking.
16:00 of 3rd period - Mark Kastelic wins face-off versus Cal O'Reilly in NEW HAVEN WARTHOGS zone.
16:36 of 3rd period - Shot by Cal O'Reilly.
16:36 of 3rd period - Shot Misses the Net.
16:46 of 3rd period - Mikael Pyyhtia is hit by Tyler Pitlick and loses puck.
17:11 of 3rd period - Shot by Jakub Lauko.
17:11 of 3rd period - Stopped by Oscar Dansk with a rebound.
17:19 of 3rd period - Shot by Jakub Lauko.
17:19 of 3rd period - Stopped by Oscar Dansk without a rebound.
17:20 of 3rd period - Andrew Poturalski wins face-off versus Mikael Pyyhtia in WORCESTER TITANS zone.
17:41 of 3rd period - Seth Griffith is hit by Lian Bichsel.
18:09 of 3rd period - Justin Dowling is hit by Tyler Boucher and loses puck.
18:29 of 3rd period - Icing by Calle Rosen.
18:30 of 3rd period - Joseph Blandisi wins face-off versus Mark Kastelic in WORCESTER TITANS zone.
18:35 of 3rd period - Shot by Justin Dowling.
18:35 of 3rd period - Shot Misses the Net.
19:03 of 3rd period - Shot by Mark Kastelic.
19:03 of 3rd period - Stopped by Oscar Dansk with a rebound.
19:13 of 3rd period - Shot by Andrew Poturalski.
19:13 of 3rd period - Shot Blocked by Mikael Pyyhtia.
19:23 of 3rd period - Icing by Josh Brown.
19:24 of 3rd period - Ryan Suzuki wins face-off versus Andrew Poturalski in WORCESTER TITANS zone.
19:48 of 3rd period - Shot by Isaiah George.
19:48 of 3rd period - Stopped by Oscar Dansk without a rebound.
19:49 of 3rd period - Mikael Pyyhtia wins face-off versus Tyler Pitlick in WORCESTER TITANS zone.
Goals for this period are 0 for WORCESTER TITANS vs 0 for NEW HAVEN WARTHOGS.
Shots for this period are 10 for WORCESTER TITANS vs 15 for NEW HAVEN WARTHOGS.

Overtime #1


0:01 of 1st overtime period - Mark Kastelic wins face-off versus Cal O'Reilly in neutral zone.
0:34 of 1st overtime period - Shot by Jakub Lauko.
0:34 of 1st overtime period - Stopped by Oscar Dansk with a rebound.
2:48 of 1st overtime period - Shot by Tyler Pitlick.
2:48 of 1st overtime period - Stopped by Akira Schmid with a rebound.
2:52 of 1st overtime period - Shot by Tyler Pitlick.
2:52 of 1st overtime period - Shot Blocked by Jack St. Ivany.
2:56 of 1st overtime period - Shot by Rocco Grimaldi.
2:56 of 1st overtime period - Shot Misses the Net.
3:37 of 1st overtime period - Icing by Zachary Jones.
3:38 of 1st overtime period - Andrew Poturalski wins face-off versus Julian Lutz in NEW HAVEN WARTHOGS zone.
3:39 of 1st overtime period - Shot by Chris Terry.
3:39 of 1st overtime period - Stopped by Akira Schmid without a rebound.
3:40 of 1st overtime period - Mark Kastelic wins face-off versus Chris Terry in NEW HAVEN WARTHOGS zone.
3:40 of 1st overtime period - Mark Kastelic is hit by Chris Terry.
3:56 of 1st overtime period - Shot by Jakub Lauko.
3:56 of 1st overtime period - Shot Blocked by Kyle Capobianco.
4:00 of 1st overtime period - Shot by Jakub Lauko.
4:00 of 1st overtime period - Shot Misses the Net.
4:29 of 1st overtime period - Icing by Cole McWard.
4:30 of 1st overtime period - Julian Lutz wins face-off versus Cal O'Reilly in NEW HAVEN WARTHOGS zone.
Goals for this period are 0 for WORCESTER TITANS vs 0 for NEW HAVEN WARTHOGS.
Shots for this period are 2 for WORCESTER TITANS vs 1 for NEW HAVEN WARTHOGS.

ShootOut


5:00 of 1st overtime period - Round #1.
5:00 of 1st overtime period - WORCESTER TITANS, Seth Griffith.
5:00 of 1st overtime period - Goal by Seth Griffith.
5:00 of 1st overtime period - NEW HAVEN WARTHOGS, Mark Kastelic.
5:00 of 1st overtime period - Goal by Mark Kastelic.
5:00 of 1st overtime period - Round #2.
5:00 of 1st overtime period - WORCESTER TITANS, Tyler Pitlick.
5:00 of 1st overtime period - Stopped by Akira Schmid.
5:00 of 1st overtime period - NEW HAVEN WARTHOGS, Jakub Lauko.
5:00 of 1st overtime period - Goal by Jakub Lauko.
5:00 of 1st overtime period - Round #3.
5:00 of 1st overtime period - WORCESTER TITANS, John Leonard.
5:00 of 1st overtime period - Goal by John Leonard.
5:00 of 1st overtime period - NEW HAVEN WARTHOGS, Mikael Pyyhtia.
5:00 of 1st overtime period - Stopped by Oscar Dansk.
5:00 of 1st overtime period - Round #4.
5:00 of 1st overtime period - WORCESTER TITANS, Andrew Poturalski.
5:00 of 1st overtime period - Goal by Andrew Poturalski.
5:00 of 1st overtime period - NEW HAVEN WARTHOGS, Ryan Suzuki.
5:00 of 1st overtime period - Stopped by Oscar Dansk.